 Dungeon Crawl Stone Soup version 0.27-a0-1046-g98bf31544f (webtiles) character file.

Game seed: 4471123057824719429

44772 jestyr24 the Thaumaturge (level 13, -4/108 HPs)
             Began as a Green Draconian Conjurer on Apr 19, 2021.
             Was a High Priest of Vehumet.
             Killed from afar by a rime drake (21 damage)
             ... with a flash freeze
             ... on level 6 of the Lair of Beasts on Apr 20, 2021.
             The game lasted 03:15:36 (25351 turns).

jestyr24 the Thaumaturge (DrCj)                    Turns: 25351, Time: 03:15:36

Health: -4/108     AC: 12    Str:  9 (10) XL:     13   Next: 98%
Magic:  29/37      EV: 13    Int: 22      God:    Vehumet [*****.]
Gold:   974        SH:  6    Dex: 11      Spells: 16/35 levels left

rFire    . . .     SeeInvis +   M - +9 staff of Olgreb {rPois∞}
rCold    . . .     Faith    +   k - +0 buckler
rNeg     . . .     Spirit   .   (armour unavailable)
rPois    ∞         Reflect  .   r - +2 hat
rElec    .         Harm     .   (no cloak)
rCorr    .         Rampage  .   m - +0 pair of gloves
Will     +....                  S - +0 pair of boots
Stlth    +.........             C - amulet of faith
HPRegen  0.28/turn              l - ring of magical power
MPRegen  0.25/turn              c - ring of see invisible

@: about to teleport, mesmerised, very slightly contaminated, very slow
A: breathe noxious fumes, AC +8, unfitting armour, poison resistance,
cold-blooded, deterioration 1, strong-willed 1, robust 1, MP-powered wands
a: Breathe Noxious Fumes, Renounce Religion


You were on level 6 of the Lair of Beasts.
You worshipped Vehumet.
Vehumet was extremely pleased with you.
You visited 3 branches of the dungeon, and saw 19 of its levels.

You collected 974 gold pieces.

Inventory:

Hand Weapons
 i - a +3 dagger of venom
 M - the +9 staff of Olgreb (weapon) {rPois∞}
   (You found it on level 10 of the Dungeon)

   It may poison the flesh of those it strikes, and is more effective with a
   high Evocations skill.
   It enhances your poison magic.
   It grants immunity to poison.
   It can be evoked to poison those around you for a time.
Missiles
 g - 85 poisoned darts
 w - 4 throwing nets
 F - 5 atropa-tipped darts
 N - 10 curare-tipped darts
Armour
 k - a +0 buckler (worn)
 m - a +0 pair of gloves (worn)
 r - a +2 hat (worn)
 G - a +2 kite shield
 S - a +0 pair of boots (worn)
Magical Staves
 f - a staff of earth
 v - a staff of death
Jewellery
 c - a ring of see invisible (right hand)
 d - a +4 ring of protection
 l - a ring of magical power (left hand)
 n - a ring of positive energy
 q - a ring of willpower
 t - an amulet of the acrobat
 u - a ring of protection from cold
 z - a ring of magical power
 C - an amulet of faith (around neck)
 H - a ring of ice
 J - a +4 ring of slaying
 Q - a ring of magical power
Wands
 y - a wand of paralysis (13)
 D - a wand of digging (4)
 O - a wand of iceblast (5)
 T - a wand of polymorph (6)
Scrolls
 a - 2 scrolls of amnesia
 b - 6 scrolls of identify
 o - a scroll of silence
 x - a scroll of summoning
 A - a scroll of enchant armour
 B - a scroll of teleportation
 E - 2 scrolls of magic mapping
 I - a scroll of blinking
 L - 2 scrolls of fog
 P - 2 scrolls of enchant weapon
Potions
 e - a potion of berserk rage
 h - a potion of flight
 j - 2 potions of brilliance
 p - a potion of heal wounds
 s - 2 potions of haste
 K - a potion of might
 R - a potion of magic {unknown}
 U - a potion of cancellation
 V - a potion of curing
 W - a potion of ambrosia


   Skills:
 - Level 4.6 Fighting
 - Level 1.0 Short Blades
 - Level 2.0 Throwing
 - Level 5.3 Dodging
 - Level 4.5 Stealth
 * Level 8.6 Shields
 + Level 11.8 Spellcasting
 - Level 11.3 Conjurations
 - Level 5.5 Hexes
 - Level 5.9 Translocations
 - Level 3.1 Fire Magic
 + Level 10.6 Poison Magic
 - Level 4.5 Evocations


You had 16 spell levels left.
You knew the following spells:

 Your Spells              Type           Power      Damage    Failure   Level
a - Magic Dart            Conj           100%       1d8       1%          1
b - Searing Ray           Conj           100%       3d7       1%          2
c - Iskenderun's Mystic   Conj/Tloc      50%        2d11      1%          4
d - Fulminant Prism       Conj/Hex       25%        3d14      1%          4
e - Ignite Poison         Fire/Tmut/Pois 49%        N/A       1%          3
f - Fireball              Conj/Fire      22%        3d10      1%          5

Your spell library contained the following spells:

 Spells                   Type           Power      Damage    Failure   Level
 Lightning Bolt           Conj/Air       18%        1d33      4%          5
 Dazzling Flash           Conj/Hex       100%       N/A       1%          3
 Spider Form              Tmut/Pois      26%        N/A       1%          3
 Ensorcelled Hibernation  Hex/Ice        50%        N/A       2%          2
 Beastly Appendage        Tmut           26%        N/A       4%          1
 Wereblood                Tmut           13%        N/A       8%          2
 Silence                  Hex/Air        12%        N/A       41%         5
 Ice Form                 Ice/Tmut       13%        N/A       45%         4
 Borgnjor's Vile Clutch   Necr/Erth      6%         N/A       80%         5
 Hydra Form               Tmut           6%         N/A       80%         5
 Shadow Creatures         Summ           N/A        N/A       100%        6
 Animate Armour           Summ/Erth      Unusable   N/A       N/A         4

Dungeon Overview and Level Annotations

Branches:
Dungeon (12/15)            Temple (1/1) D:7            Lair (6/6) D:11
 Shoals (0/4) Lair:2        Snake (0/4) Lair:4        Slime (0/5) Lair:5
    Orc (0/2) D:10

Altars:
Ashenzari
Cheibriados
Dithmenos
Elyvilon
Fedhas
Gozag
Hepliaklqana
Kikubaaqudgha
Nemelex Xobeh
Okawaru
Qazlal
Ru
Sif Muna
Trog
Uskayaw
Vehumet
Wu Jian
Yredelemnul
Zin
The Shining One
Lugonu

Annotations:
D:10 1 runed translucent door
D:11 3 runed translucent doors
Lair:6 Nessos


Innate Abilities, Weirdness & Mutations

You can breathe blasts of noxious fumes.
Your lurid green scales are hard. (AC +8)
You cannot fit into any form of body armour.
Your system is resistant to poisons. (rPois)
You are cold-blooded and may be slowed by cold attacks.
Your body sometimes deteriorates upon taking damage.
You are strong-willed. (Will+)
You are robust. (+10% HP)
You expend magic power (3 MP) to strengthen your wands.


Message History

The water moccasin is severely wounded.
The water moccasin is knocked back by the mystic blast.
The water moccasin collides with the komodo dragon!
The mystic blast hits the cane toad!
The cane toad is moderately wounded.
The cane toad is knocked back by the mystic blast.
The mystic blast hits the water moccasin!
The water moccasin is moderately wounded.
The water moccasin is knocked back by the mystic blast.
The mystic blast hits the elephant.
The elephant is severely wounded.
The mystic blast hits the rime drake!
The rime drake is moderately wounded.
The rime drake is knocked back by the mystic blast.
The mystic blast hits the wind drake.
The wind drake is severely wounded.
The wind drake is knocked back by the mystic blast.
You hear a bellow!
The pull of its song draws you forwards.
You enter the shallow water.
Moving in this stuff is going to be slow.
You kill the rime drake!
Vehumet accepts your kill.
You feel your power returning. The elephant tramples you!
* * * LOW HITPOINT WARNING * * *
You stumble backwards!
Splash!
A yak comes into view.
The rime drake bites you but does no damage.
You feel your dexterity returning.
You feel much better. The ice encasing you melts away.
The rime drake looks more healthy.
The merfolk avatar chants its luring song.
The elephant tramples you!
* * * LOW HITPOINT WARNING * * *
You hold your ground!
The elephant misses you. The rime drake breathes ice at you.
The flash freeze hits you!!
You die...

,^,,,,,,,,,..................,,,,
,,,,,,,,,..............).....,,,,
,,,,,,,,,.Y..................,,,,
,,,,,,,,,,......†............,,,,
,≈≈≈≈≈≈,≈≈,...≈≈≈†FkS........,,,,
*≈≈**≈≈**≈≈*#≈≈##≈S.<........,,,,
*≈≈**≈≈*,≈≈##≈≈##..Fl......#*,,,,
≈≈≈≈≈≈≈≈≈≈≈≈≈≈≈Y≈YSF........#,,,,
≈≈≈≈≈≈≈≈≈≈≈≈≈≈≈k@≈S........##,,,,
*********####.≈#F.y.........#,,,,
≈≈≈≈≈≈≈≈,*≈≈≈#≈.#....k.....P.,,,,
≈≈≈≈≈≈≈≈≈#≈≈≈≈≈≈≈≈...........,,,,
≈≈≈≈≈≈≈≈≈#≈≈≈≈m≈≈.........†..,,,,
≈≈≈≈≈≈≈≈≈*≈≈≈≈≈..............,,,,
≈≈≈≈≈≈≈≈≈,≈#≈#≈##...P....,,,,,,,,
≈≈≈≈≈≈≈≈≈,*≈≈≈≈≈≈≈..#...,,,*,,,,,
≈≈≈≈≈≈≈≈≈,≈*≈≈≈≈≈,≈*,,,,,,,,,,,,,


You could see a merfolk avatar (mesmerising, very poisoned), a death yak, an
elephant (poisoned), a sea snake (very poisoned), a wind drake (repels missiles,
very poisoned), a komodo dragon (very poisoned), a yak, 4 cane toads, 2 rime
drakes, a hornet (poisoned) and 3 water moccasins.

Vanquished Creatures
  Rupert (Lair:5)
  Snorg (Lair:3)
  2 hydras
  Fannar (Lair:1)
  2 boulder beetles
  6 two-headed ogres
  Sonja (Lair:1)
  An orange crystal statue (D:12)
  2 ugly things
  A cyclops (D:9)
  An oklob plant (Lair:2)
  A manticore (D:11)
  A merfolk siren (Lair:2)
  A guardian serpent (Lair:4)
  5 elephants (Lair:3)
  2 black mambas
  9 cane toads
  An unseen horror (D:11)
  6 rime drakes
  6 komodo dragons
  4 trolls
  2 polar bears (Lair:6)
  10 blink frogs
  2 slime creatures (Lair:5)
  7 redbacks (D:10)
  Sigmund (D:6)
  A meliai zombie (D:9)
  55 yaks
  6 wyverns
  A wraith (D:12)
  2 basilisks
  2 steam dragons
  An acid dragon (D:10)
  14 water moccasins
  A hornet zombie (D:6)
  3 orc warriors
  A necrophage (D:6)
  12 wolves
  2 ogres
  6 centaurs
  2 phantoms (D:6)
  2 kobold brigands
  11 bullfrogs
  3 gnoll sergeants
  9 scorpions
  A water moccasin zombie (D:6)
  A water moccasin skeleton (D:6)
  26 killer bees
  3 wights (D:7)
  4 lava snakes
  2 centaur zombies
  3 hounds
  3 orc priests
  3 centaur skeletons
  3 jellies
  7 iguanas
  Natasha (thrice) (D:4)
  11 orc wizards
  A killer bee zombie (D:7)
  A hound skeleton (D:4)
  14 gnolls
  A howler monkey skeleton (D:5)
  9 adders
  A white imp (D:6)
  An ufetubus (D:6)
  An adder skeleton (D:5)
  2 worms (D:3)
  2 dart slugs
  35 orcs
  11 ball pythons
  12 endoplasms
  3 giant cockroaches
  4 hobgoblins
  10 jackals
  3 quokkas
  2 bats
  2 frilled lizards
  8 goblins
  11 kobolds
  A rat (D:1)
416 creatures vanquished.

Vanquished Creatures (others)
  A yak (D:11)
  An iguana (D:5)
  A bush (D:11)
  89 fulminant prisms
  29 fungi
  62 plants
  4 toadstools (D:1)
187 creatures vanquished.

Grand Total: 603 creatures vanquished

Notes
Turn   | Place    | Note
-------+----------+-------------------------------------------
     0 | D:1      | jestyr24 the Draconian Conjurer began the quest for the
                  | Orb.
     0 | D:1      | Reached XP level 1. HP: 14/14 MP: 3/3
   204 | D:1      | Reached XP level 2. HP: 10/20 MP: 5/5
  1010 | D:1      | Reached XP level 3. HP: 26/26 MP: 4/6
  1013 | D:1      | Learned a level 2 spell: Searing Ray
  1556 | D:2      | Reached skill level 5 in Conjurations
  1847 | D:2      | Found a faded altar of an unknown god.
  2044 | D:2      | Reached XP level 4. HP: 33/33 MP: 5/7
  3054 | D:3      | Found a glowing golden altar of the Shining One.
  3230 | D:3      | Found a stormy altar of Qazlal.
  3231 | D:3      | Found a glowing silver altar of Zin.
  3231 | D:3      | Found a shadowy altar of Dithmenos.
  3232 | D:3      | Found a white marble altar of Elyvilon.
  3642 | D:3      | Reached skill level 1 in Short Blades
  3642 | D:3      | Reached XP level 5. HP: 37/38 MP: 8/8
  4333 | D:4      | Found a blossoming altar of Fedhas.
  4377 | D:4      | Noticed Natasha
  4379 | D:4      | Killed Natasha
  4501 | D:4      | Found a sparkling altar of Nemelex Xobeh.
  4974 | D:4      | Found an iron altar of Okawaru.
  5048 | D:4      | Reached XP level 6. HP: 46/46 MP: 6/10
  5072 | D:4      | Noticed Natasha
  5082 | D:4      | Killed Natasha
  5314 | D:4      | Found an ancient bone altar of Kikubaaqudgha.
  5449 | D:4      | Noticed Natasha
  5455 | D:4      | Killed Natasha
  5456 | D:4      | Reached skill level 1 in Fighting
  5743 | D:5      | Entered Level 5 of the Dungeon
  5917 | D:5      | Found a bloodstained altar of Trog.
  5972 | D:5      | Noticed a water moccasin
  5984 | D:5      | Killed a water moccasin
  5985 | D:5      | Your scales start taking on a lurid green colour.
  5985 | D:5      | Reached XP level 7. HP: 27/52 MP: 2/12
  5985 | D:5      | Gained mutation: Your system is resistant to poisons.
                  | (rPois) [Green Draconian growth]
  7151 | D:6      | Noticed Sigmund
  7169 | D:6      | Killed Sigmund
  7170 | D:6      | Reached XP level 8. HP: 56/60 MP: 13/15
  7221 | D:6      | Reached skill level 5 in Spellcasting
  7390 | D:6      | Found a sacrificial altar of Ru.
  7674 | D:6      | HP: 2/61 [centaur/arrow (4)]
  7847 | D:6      | Reached skill level 1 in Throwing
  8149 | D:6      | Found an ornate altar of the Wu Jian Council.
  8529 | D:6      | Learned a level 4 spell: Iskenderun's Mystic Blast
  8534 | D:6      | Learned a level 4 spell: Fulminant Prism
  8590 | D:6      | Reached skill level 1 in Hexes
  8590 | D:6      | Reached XP level 9. HP: 63/68 MP: 12/17
  8620 | D:6      | Found a shimmering blue altar of Sif Muna.
  9028 | D:7      | Reached skill level 5 in Dodging
  9028 | D:7      | Reached skill level 1 in Translocations
  9531 | D:7      | Reached skill level 1 in Shields
  9910 | D:7      | Found a staircase to the Ecumenical Temple.
  9920 | Temple   | Entered the Ecumenical Temple
 10004 | Temple   | Became a worshipper of Vehumet
 10166 | D:7      | Reached skill level 5 in Shields
 11411 | D:8      | Reached XP level 10. HP: 77/77 MP: 19/19
 11698 | D:9      | Reached * piety under Vehumet
 11698 | D:9      | Offered knowledge of Freeze by Vehumet.
 12040 | D:9      | Noticed a two-headed ogre
 12048 | D:9      | Killed a two-headed ogre
 12049 | D:9      | Reached skill level 1 in Evocations
 12073 | D:9      | Noticed a two-headed ogre
 12084 | D:9      | Killed a two-headed ogre
 12431 | D:9      | Noticed a cyclops
 12441 | D:9      | Killed a cyclops
 13031 | D:10     | Entered Level 10 of the Dungeon
 13031 | D:10     | Found the +9 staff of Olgreb {rPois∞}
 13521 | D:10     | Reached XP level 11. HP: 69/83 MP: 11/22
 13729 | D:10     | Found a runed translucent door.
 13734 | D:10     | Found a runed translucent gate.
 13736 | D:10     | Found a runed translucent gate.
 13736 | D:10     | Found a runed translucent gate.
 13744 | D:10     | Found a runed translucent door.
 13778 | D:10     | Reached ** piety under Vehumet
 13779 | D:10     | Reached skill level 5 in Hexes
 13779 | D:10     | Offered knowledge of Sandblast by Vehumet.
 13784 | D:10     | Reached skill level 5 in Translocations
 14399 | D:10     | Found a basalt altar of Yredelemnul.
 14457 | D:10     | Found a staircase to the Orcish Mines.
 14470 | D:10     | Offered knowledge of Static Discharge by Vehumet.
 14716 | D:11     | Noticed a boulder beetle
 15208 | D:11     | Reached *** piety under Vehumet
 15724 | D:11     | Found a staircase to the Lair.
 15734 | D:11     | Offered knowledge of Ignite Poison by Vehumet.
 15838 | D:10     | Learned a level 3 spell: Ignite Poison
 15943 | D:11     | Noticed a red ugly thing
 15954 | D:11     | Killed a red ugly thing
 16066 | D:11     | Reached skill level 10 in Conjurations
 16073 | D:11     | Reached skill level 1 in Poison Magic
 16074 | D:11     | Reached XP level 12. HP: 77/92 MP: 20/24
 16529 | D:11     | Noticed a two-headed ogre
 16538 | D:11     | Killed a two-headed ogre
 16760 | D:11     | Killed a boulder beetle
 16923 | D:11     | Found a runed translucent gate.
 16923 | D:11     | Found a runed translucent gate.
 16923 | D:11     | Found a runed translucent gate.
 17188 | D:12     | Noticed a two-headed ogre
 17210 | D:12     | Killed a two-headed ogre
 17403 | D:12     | Reached skill level 5 in Poison Magic
 17413 | D:12     | Noticed a two-headed ogre
 17551 | D:12     | Killed a two-headed ogre
 17612 | D:12     | Noticed a two-headed ogre
 17617 | D:12     | Killed a two-headed ogre
 17747 | D:12     | Noticed a boulder beetle
 17757 | D:12     | Killed a boulder beetle
 17889 | D:12     | Reached **** piety under Vehumet
 17914 | D:12     | Offered knowledge of Fireball by Vehumet.
 17921 | D:12     | Learned a level 5 spell: Fireball
 18170 | D:12     | Noticed a four-headed hydra
 18261 | Lair:1   | Entered Level 1 of the Lair of Beasts
 18698 | Lair:1   | Noticed an eight-headed hydra
 18720 | Lair:1   | Killed an eight-headed hydra
 18721 | Lair:1   | Reached skill level 1 in Fire Magic
 19052 | Lair:1   | Noticed Fannar
 19255 | Lair:1   | Noticed Sonja
 19283 | Lair:1   | Killed Sonja
 19409 | Lair:1   | Killed Fannar
 19830 | Lair:2   | Reached skill level 10 in Spellcasting
 19847 | Lair:2   | Reached XP level 13. HP: 87/99 MP: 12/27
 20578 | Lair:2   | Found a staircase to the Shoals.
 20705 | Lair:3   | Noticed Snorg
 21494 | Lair:3   | Killed Snorg
 21743 | Lair:3   | Reached ***** piety under Vehumet
 21987 | Lair:3   | Offered knowledge of Lightning Bolt by Vehumet.
 23113 | Lair:4   | Found a staircase to the Snake Pit.
 23777 | Lair:5   | Gained mutation: You expend magic power (3 MP) to
                  | strengthen your wands. [potion of mutation]
 23777 | Lair:5   | Gained mutation: Your body sometimes deteriorates upon
                  | taking damage. [potion of mutation]
 23777 | Lair:5   | Gained mutation: You are robust. (+10% HP) [potion of
                  | mutation]
 23777 | Lair:5   | Gained mutation: You are strong-willed. (Will+) [potion of
                  | mutation]
 23785 | Lair:5   | Reached skill level 10 in Poison Magic
 23789 | Lair:5   | Noticed Rupert
 23808 | Lair:5   | Paralysed by Rupert for 3 turns
 23815 | Lair:5   | Killed Rupert
 24190 | Lair:5   | Found a staircase to the Slime Pits.
 24964 | Lair:6   | Entered Level 6 of the Lair of Beasts
 24969 | Lair:6   | Noticed Nessos
 25350 | Lair:6   | HP: 4/108 [elephant (17)]
 25351 | Lair:6   | Killed from afar by a rime drake

Illustrated notes

Levels and vault maps discovered:
D:1:      ldierk_walled_garden_2, layout_basic, hangedman_decor_peaks_small,
          corner_web_ring
D:2:      layout_basic, shapermc_ecumenical_altar_mp_ritualfount,
          corexii_item_surrounded_by_moat, dk_noncrumbling_2
D:3:      layout_loops_cross, nicolae_tso_carved_into_rock,
          grunt_temple_overflow_open
D:4:      layout_loops_ring, okawaru_metal_pillars_1_2,
          lemuel_coloured_pillars_altar, lemuel_crystal_altar,
          nemelex_dance_club_becter, uniq_natasha
D:5:      layout_basic, trog_three_pillars_becter, lemuel_old_faithful
D:6:      layout_basic, nicolae_ru_path_of_blood, nicolae_wu_jian_wuxing_cycle,
          minmay_ruined_shrine, uniq_sigmund
D:7:      layout_basic, minmay_temple_entry_proselytizer
D:8:      layout_rooms, grunt_temple_overflow_champion_of_chaos,
          grunt_decor_arrowhead, minmay_misc_feat_nine_boxes,
          chequers_serial_rivers_large_a, kennysheep_doodads
D:9:      layout_big_octagon, corexii_corridor_pit, hex_large
D:10:     layout_stronghold, yredelemnul_altar_generic, orc_0_dummy,
          minmay_guarded_unrand_staff_of_olgreb
D:11:     layout_rooms, minmay_lair_entry_grove,
          ploomutoo_gammafunk_ghost_potion_laboratory
D:12:     layout_stronghold, disabler_island
Temple:   corrupted_temple
Lair:1:   layout_regular_city, grunt_megastairs_5, uniq_sonja, uniq_fannar
Lair:2:   layout_roguey, minmay_shoals_entry_lonely_mermaid, grunt_megastairs_2,
          minmay_lair_oklob_chamber, serial_bayou_shore_b
Lair:3:   layout_gridlike, serial_rivers, chequers_serial_rivers_large_b,
          chequers_serial_rivers_micro_a, chequers_serial_rivers_micro_b,
          chequers_serial_rivers_micro_d, chequers_serial_rivers_room_b,
          nicolae_volcano_entry_s_turn, minivault_25, lemuel_fruit_tree,
          uniq_snorg
Lair:4:   layout_roguey, minmay_snake_entry_spellcaster
Lair:5:   layout_gridlike, minmay_slime_entry_pillars, serial_bayou_shore_b,
          uniq_rupert
Lair:6:   gammafunk_lair_ancient_temple, layout_gridlike, portal_ice_cave_rime,
          st_stairs_5, minivault_19, uniq_nessos

Skill      XL: |  1  2  3  4  5  6  7  8  9 10 11 12 13 |
---------------+----------------------------------------+-----
Dodging        | 2 3 4 5 |  5.3
Stealth        | 2 3 4 |  4.5
Conjurations   | 5 6 7 8 10 11 | 11.3
Short Blades   | 1 |  1.0
Spellcasting   | 3 4 5 6 7 8 10 11 | 11.8
Fighting       | 1 2 3 4 |  4.6
Throwing       | 2 |  2.0
Hexes          | 1 3 4 5 |  5.5
Translocations | 2 4 5 |  5.9
Shields        | 5 6 8 |  8.6
Evocations     | 2 4 |  4.5
Poison Magic   | 1 9 10 | 10.6
Fire Magic     | 1 3 |  3.1

Action                   |  1- 3 |  4- 6 |  7- 9 | 10-12 | 13-15 || total
-------------------------+-------+-------+-------+-------+-------++-------
Melee: Dagger            |    40 |    82 |    14 |       |       ||   136
       Tailslap          |     1 |     6 |     5 |     4 |       ||    16
       Falchion          |       |       |    38 |    12 |       ||    50
       Staff             |       |       |       |     6 |    19 ||    25
Throw: Dart              |       |       |   100 |       |       ||   100
 Cast: Magic Dart        |    46 |    39 |    21 |    45 |     5 ||   156
       Searing Ray       |     3 |    33 |    66 |   123 |    21 ||   246
       Fulminant Prism   |       |       |     1 |    77 |    11 ||    89
       Iskenderun's Myst |       |       |       |    57 |    39 ||    96
       Ignite Poison     |       |       |       |    20 |    38 ||    58
       Fireball          |       |       |       |       |    11 ||    11
 Abil: Breathe Noxious F |       |       |       |     1 |     1 ||     2
Evoke: Wand              |       |       |       |     2 |     1 ||     3
       Staff of Olgreb   |       |       |       |    27 |    43 ||    70
  Use: Scroll            |     1 |     4 |     4 |     7 |     7 ||    23
       Potion            |     1 |       |     1 |     4 |     4 ||    10
 Stab: Sleeping          |       |     2 |     1 |       |       ||     3
       Distracted        |       |       |     1 |       |       ||     1
Armor: Skin              |    17 |    39 |    42 |    56 |    23 ||   177
Dodge: Dodged            |    35 |    52 |    97 |   111 |    52 ||   347
Block: Buckler           |       |       |     6 |    43 |    21 ||    70
       Rpst.: Falchion   |       |       |    10 |    17 |       ||    27

Table legend: (Time is in decaauts)
 A = Elapsed time spent in this place.
 B = Non-inter-level travel time spent in this place.
 C = Inter-level travel time spent in this place.
 D = Time resting spent in this place.
 E = Time spent auto-exploring this place.
 F = Levels seen in this place.
 G = Mean time per level.
                   A        B        C        D        E       F      G
               +--------+--------+--------+--------+--------+-----+--------+
         Total |  25499 |  24302 |   1197 |   9391 |   7838 |  19 | 1342.1 |
       Dungeon |  18196 |  17329 |    867 |   6501 |   6698 |  12 | 1516.3 |
        Temple |    103 |    103 |      0 |      0 |     71 |   1 |  103.0 |
          Lair |   7199 |   6869 |    330 |   2889 |   1068 |   6 | 1199.8 |
               +--------+--------+--------+--------+--------+-----+--------+

Top non-repeatable levels by time:
    D:10: 2566 daAuts
     D:6: 2153 daAuts
  Lair:5: 1680 daAuts
     D:4: 1631 daAuts
  Lair:2: 1570 daAuts
  Lair:1: 1560 daAuts
     D:2: 1555 daAuts
     D:8: 1477 daAuts
     D:9: 1452 daAuts
  Lair:3: 1354 daAuts
    D:11: 1283 daAuts
     D:3: 1281 daAuts
     D:1: 1280 daAuts
     D:5: 1264 daAuts
     D:7: 1146 daAuts
